 Dungeon Crawl Stone Soup version 0.28-a0-1518-gbe868bca14 (webtiles) character file.

Game seed: 10795230314637862182

21 chunkyMonkey the Ruffian (level 3, -3/26 HPs)
             Began as a Formicid Transmuter on Jan 16, 2022.
             Slain by a gnoll (8 damage)
             ... on level 1 of the Dungeon.
             The game lasted 00:01:46 (1911 turns).

chunkyMonkey the Ruffian (Formicid Transmuter)      Turns: 1911, Time: 00:01:47

Health: -3/26      AC:  3    Str: 16    XL:     3   Next: 2%
Magic:  5/6        EV: 11    Int: 12    God:
Gold:   25         SH:  0    Dex: 11    Spells: 3/6 levels left

rFire   . . .      SeeInvis +     - Unarmed
rCold   . . .      Faith    .   (no shield)
rNeg    . . .      Spirit   .   g - +0 leather armour
rPois   .          Reflect  .   (helmet unavailable)
rElec   .          Harm     .   (no cloak)
rCorr   .          Rampage  .   (no gloves)
Will    .....                   (no boots)
Stlth   +.........              (no amulet)
HPRegen 0.08/turn               (no ring)
MPRegen 0.10/turn               (no ring)

@: wereblooded (expiring)
A: permanent stasis, dig shafts and tunnels, antennae 3, four strong arms
a: Dig, Shaft Self


You were on level 1 of the Dungeon.
You visited 1 branch of the dungeon, and saw 1 of its levels.

You collected 25 gold pieces.

Inventory:

Missiles
 f - 6 poisoned darts
Armour
 a - a +0 robe
 g - a +0 leather armour (worn)
Scrolls
 c - a scroll of fog {unknown}
 d - a scroll of noise {unknown}
 e - a scroll of acquirement {unknown}
Potions
 b - a potion of cancellation {unknown}


   Skills:
 * Level 1.5 Fighting
 * Level 1.0 Armour
 + Level 1.9 Dodging
 * Level 3.2 Unarmed Combat
 * Level 2.4 Spellcasting
 + Level 2.3 Transmutations


You had 3 spell levels left.
You knew the following spells:

 Your Spells              Type           Power      Damage    Failure   Level
a - Beastly Appendage     Tmut           14%        N/A       12%         1
b - Wereblood             Tmut           7%         N/A       19%         2

Your spell library contained the following spells:

 Spells                   Type           Power      Damage    Failure   Level
 Freeze                   Ice            4%         1d3       32%         1
 Spider Form              Tmut/Pois      4%         N/A       52%         3
 Ice Form                 Ice/Tmut       4%         N/A       89%         4


Dungeon Overview and Level Annotations

Branches:
Dungeon (1/15)

Altars:


Innate Abilities, Weirdness & Mutations

You cannot be hasted, slowed, berserked, paralysed or teleported.
You can dig through walls and to a lower floor.
You have a pair of large antennae on your head. (SInv)
Your four strong arms can wield two-handed weapons with a shield.


Message History

You see here a +0 dagger.
There is an open door here.
You sense a monster nearby.
You sense a monster nearby.
You open the door.
A gnoll comes into view. It is wielding a +0 flail.
The gnoll shouts!
A gnoll is nearby!
Casting: Beastly Appendage (safe; 12% risk of failure)
Confirm with . or Enter, or press ? or * to list all spells.
You miscast Beastly Appendage.
You are very lightly contaminated with residual magic.
Nothing appears to happen.
Casting: Beastly Appendage (safe; 12% risk of failure)
Confirm with . or Enter, or press ? or * to list all spells.
Your blood is infused with primal strength.
You closely miss the gnoll. The gnoll hits you with a +0 flail.
You closely miss the gnoll. The gnoll closely misses you.
You hit the gnoll.
The gnoll is lightly wounded.
The gnoll hits you with a +0 flail!
You hit the gnoll.
The gnoll is moderately wounded.
The gnoll hits you with a +0 flail!
* * * LOW HITPOINT WARNING * * *
You barely miss the gnoll.
The gnoll is moderately wounded.
The gnoll barely misses you.
Unknown command.
Your magical contamination has completely faded away.
You aren't carrying any items that you can evoke.
Unknown command.
Unknown command.
Casting: Beastly Appendage (safe; 12% risk of failure)
Press: ? - help, Q - select action, (/) - cycle Dir - look around, f - activate
Okay, then.
The gnoll closely misses you.
Your primal bloodlust is almost over.
The gnoll hits you with a +0 flail!
You die...

#. ######## #. #......#
#. #......# ## #......#
{ { #>.....# #
#######......##########
#......g.....##....#...
#.....@..######.##.#.##
#........# #.##.#.##
#........# #......##
+........# ####.####P
#........#####.....##..
####'####..........#.##
#.####.####.....#.#P
#.#....# #######.#.
..#.#### #P.#.


You could see a gnoll.

Vanquished Creatures
  A dart slug (D:1)
  A ball python (D:1)
  5 hobgoblins (D:1)
  A kobold (D:1)
  A quokka (D:1)
  5 bats (D:1)
  A frilled lizard (D:1)
  A rat (D:1)
16 creatures vanquished.

Notes
Turn   | Place    | Note
-------+----------+-------------------------------------------
     0 | D:1      | chunkyMonkey the Formicid Transmuter began the quest for
                  | the Orb.
     0 | D:1      | Reached XP level 1. HP: 15/15 MP: 3/3
   443 | D:1      | Reached XP level 2. HP: 16/21 MP: 3/5
   447 | D:1      | Learned a level 2 spell: Wereblood
  1185 | D:1      | Found a faded altar of an unknown god.
  1219 | D:1      | Got Plato's Collected Works on the Frostbite
  1307 | D:1      | Reached skill level 1 in Armour
  1395 | D:1      | Reached XP level 3. HP: 26/26 MP: 4/6
  1911 | D:1      | Slain by a gnoll

Illustrated notes

Levels and vault maps discovered:
D:1:      nagdon_arrival_double_spiral, layout_basic,
          shapermc_ecumenical_altar_rom_forum

Skill      XL: |  1  2 |
---------------+-------+-----
Armour         | 1 |  1.0
Fighting       | |  1.5
Dodging        | |  1.9
Unarmed Combat | |  3.2
Spellcasting   | |  2.4
Transmutations | |  2.3

Action                   || total
-------------------------++-------
Melee: Unarmed           ||    67
       Kick              ||     6
 Cast: Beastly Appendage ||    16
       Wereblood         ||     4
 Stab: Sleeping          ||     1
Armor: Robe              ||    19
Dodge: Dodged            ||    52

Table legend: (Time is in decaauts)
 A = Elapsed time spent in this place.
 B = Non-inter-level travel time spent in this place.
 C = Inter-level travel time spent in this place.
 D = Time resting spent in this place.
 E = Time spent auto-exploring this place.
 F = Levels seen in this place.
 G = Mean time per level.
                   A        B        C        D        E       F      G
               +--------+--------+--------+--------+--------+-----+--------+
         Total |   1907 |   1907 |      0 |   1139 |    572 |   1 | 1907.0 |
       Dungeon |   1907 |   1907 |      0 |   1139 |    572 |   1 | 1907.0 |
               +--------+--------+--------+--------+--------+-----+--------+

Top non-repeatable levels by time:
     D:1: 1907 daAuts
